 Dungeon Crawl Stone Soup version 0.20.0-15-g7f486f2 (webtiles) character file.

59 winterking the Sneak (level 4, -6/28 HPs)
             Began as an Octopode Transmuter on June 22, 2017.
             Mangled by a gnoll
             ... wielding a +0 halberd
              (12 damage)
             ... on level 2 of the Dungeon.
             The game lasted 00:04:35 (1495 turns).

winterking the Sneak (Octopode Transmuter)          Turns: 1495, Time: 00:04:35

Health: -6/28      AC:  1    Str:  9    XL:     4   Next: 3%
Magic:  7/7        EV: 13    Int: 15    God:
Gold:   56         SH:  0    Dex: 13    Spells: 6/7 levels left

rFire    . . .     SeeInvis .     - Unarmed
rCold    . . .     Gourm    .   (no shield)
rNeg     . . .     Faith    .   (helmet restricted)
rPois    .         Spirit   .   (no amulet)
rElec    .         Reflect  .   (no ring)
rCorr    .         Harm     .   (no ring)
MR       .....                  (no ring)
Stlth    ++++......             (no ring)
Regen    0.1/turn               (no ring)
MPRegen  0.1/turn               (no ring)
                                (no ring)
                                (no ring)

@: no status effects
A: almost no armour, stealthy swim, amphibious, 8 rings, constrict 8, camouflage
1, gelatinous body 1
a: no special abilities


You were on level 2 of the Dungeon.
You were not hungry.

You visited 1 branch of the dungeon, and saw 2 of its levels.

You collected 56 gold pieces.

Inventory:

Missiles
 a - 76 arrows
Scrolls
 d - a scroll of enchant armour
 e - a scroll of identify {unknown}
 f - a scroll of remove curse
Potions
 h - a potion of curing {unknown}
 i - a potion of degeneration {unknown}
Books
 b - a book of Changes

   Spells                             Type                      Level
   a - Beastly Appendage              Transmutation                1
   b - Sticks to Snakes               Transmutation                2
   c - Spider Form                    Transmutation/Poison         3
   d - Ice Form                       Ice/Transmutation            4
   e - Blade Hands                    Transmutation                5
Comestibles
 c - a bread ration
 g - a royal jelly
 j - a meat ration
 k - 3 chunks of flesh


   Skills:
 - Level 1.0 Fighting
 - Level 2.0 Dodging
 + Level 4.0 Stealth
 + Level 3.7 Unarmed Combat
 - Level 2.0 Spellcasting
 - Level 2.0 Transmutations


You had 6 spell levels left.
You knew the following spells:

 Your Spells              Type           Power        Failure   Level  Hunger
a - Beastly Appendage     Tmut           #.....       10%         1    #......


Dungeon Overview and Level Annotations

Branches:
Dungeon (2/15)

Altars:


Innate Abilities, Weirdness & Mutations

You cannot wear most types of armour.
You are very stealthy in the water. (Stealth+)
You are amphibious.
You can wear up to eight rings at the same time.
You can use your tentacles to constrict eight enemies at once.
Your skin changes colour to match your surroundings (Stealth+).
Your rubbery body absorbs attacks. (AC +1, EV +1)


Message History

The gnoll hits you with a halberd!
You closely miss the gnoll. You grab the gnoll. You constrict the gnoll.
The gnoll misses you.
You tentacle-slap the gnoll.
The gnoll is moderately wounded.
You constrict the gnoll. You tentacle-slap the gnoll.
The gnoll is almost dead.
You constrict the gnoll.
You kill the gnoll!
Your Stealth skill increases to level 4!
You have reached level 4!
The gnoll closely misses you. The gnoll hits you with a halberd!
* * * LOW HITPOINT WARNING * * *
You closely miss the gnoll. You grab the gnoll. You squeeze the gnoll!
The gnoll is severely wounded.
You constrict the gnoll, but do no damage.
The gnoll hits you with a halberd!
You die...

#..## # #..# # ###
#..###### ..# #.รท##....
#.# ########......## #.#
#.............##
##.####.####.######........
..$.....rg.#.# #..#...##
..####.##@#.# ##..#...#
#)##.#.## #...)...#
#g##....####...#..##
#g##...........#..#
#.###...####..##..###
########.#
##.......(.......
....s..(s# #######.####.###
........## #.# #....
#######.# #)# #####


You could see a gnoll and a rat.

Vanquished Creatures
  2 gnolls (D:2)
  A worm (D:2)
  A dart slug (D:1)
  6 bats
  5 goblins
  3 hobgoblins (D:1)
  3 jackals (D:2)
  A quokka (D:2)
  3 frilled lizards
  6 kobolds
  2 rats
33 creatures vanquished.

Notes
Turn   | Place    | Note
-------+----------+-------------------------------------------
     0 | D:1      | winterking the Octopode Transmuter began the quest for the Orb.
     0 | D:1      | Reached XP level 1. HP: 13/13 MP: 3/3
    82 | D:1      | Reached skill level 1 in Stealth
   320 | D:1      | Reached XP level 2. HP: 18/18 MP: 5/5
   482 | D:1      | Reached skill level 2 in Stealth
   906 | D:2      | Reached skill level 3 in Stealth
   924 | D:2      | Reached XP level 3. HP: 18/23 MP: 6/6
  1492 | D:2      | Reached skill level 4 in Stealth
  1492 | D:2      | Reached XP level 4. HP: 15/28 MP: 7/7
  1495 | D:2      | Mangled by a gnoll

Skill      XL: |  1  2  3 |
---------------+----------+-----
Stealth        | 1 3 4 |  4.0
Fighting       | |  1.0
Dodging        | |  2.0
Unarmed Combat | |  3.7
Spellcasting   | |  2.0
Transmutations | |  2.0

Action                   |  1- 3 |  4- 6 || total
-------------------------+-------+-------++-------
Melee: Unarmed           |    95 |     1 ||    96
       Constrict         |    24 |     1 ||    25
       Tentacles         |     9 |     1 ||    10
  Use: Scroll            |     4 |       ||     4
 Stab: Sleeping          |     5 |       ||     5
  Eat: Chunk             |     2 |       ||     2
Armor: Skin              |    15 |       ||    15
Dodge: Dodged            |    72 |     1 ||    73
